General information
- name: BNet
- type: Ladder team game (AT/RT)
- host: Battle.net
- saver: skrt
map: Northshire_LV
- players: 8
- length: 33:22
- speed: Fast
- version: 1.10030 W3XP
- replay type: Public
» download(467 KB)
Players
team 1 (loser)

»
maui (
teal | 148 APM | 4878 actions | 32:51)
8 Keeper of the Grove
3 Force of Nature
3 Entangling Roots
1 Thorns Aura
1 Tranquility
5 Priestess of the Moon
3 Trueshot Aura
2 Searing Arrows
» actions
| Assign group hotkey | 103 | |
| Basic commands | 81 | |
| Build / train | 177 | |
| Enter build submenu | 55 | |
| Enter hero's abilities submenu | 13 | |
| Give item / drop item | 7 | |
| Right click | 1845 | |
| Select / deselect | 1026 | |
| Select group hotkey | 1343 | |
| Use ability | 228 | |
4878 total
» units
| Wisp | 51 | |
| Archer | 7 | |
| Goblin Shredder | 2 | |
| Dryad | 17 | |
| Forest Troll High Priest | 1 | |
| Kobold Geomancer | 1 | |
| Assassin | 2 | |
| Faerie Dragon | 3 | |
| Druid of the Talon | 17 | |
| Hippogryph | 5 | |
| Mountain Giant | 2 | |
108 total
» upgrades
| Nature's Blessing | 1 | |
| Druid of the Talon Training | 3 | |
| Abolish Magic | 1 | |
| Well Spring | 1 | |
| Strength of the Wild | 2 | |
| Reinforced Hides | 1 | |
| Mark of the Talon | 1 | |
10 total
» buildings
| Altar of Elders | 1 | |
| Moon Well | 11 | |
| Ancient of War | 1 | |
| Tree of Life | 3 | |
| Ancient of Wonders | 5 | |
| Hunter's Hall | 1 | |
| Ancient Protector | 17 | |
| Tree of Ages | 2 | |
| Ancient of Lore | 3 | |
| Ancient of Wind | 4 | |
| Tree of Eternity | 1 | |
49 total
» build order
00:06 Altar of Elders
00:17 Moon Well
00:48 Ancient of War
01:53 Moon Well
02:35 Moon Well
03:26 Tree of Life
03:35 Ancient of Wonders
03:45 Ancient of Wonders
04:43 Moon Well
05:55 Hunter's Hall
06:34 Moon Well
08:00 Ancient Protector
08:04 Tree of Ages
08:04 Tree of Ages
08:08 Ancient Protector
08:11 Ancient Protector
08:13 Ancient Protector
08:26 Tree of Life
09:31 Ancient Protector
10:58 Ancient Protector
10:58 Ancient Protector
11:31 Ancient of Lore
11:52 Ancient of Wind
12:06 Ancient Protector
12:15 Ancient Protector
12:17 Ancient of Lore
12:33 Ancient Protector
12:34 Ancient Protector
12:48 Ancient Protector
12:50 Ancient Protector
12:54 Moon Well
13:49 Ancient of Wonders
14:08 Ancient of Wind
14:13 Tree of Eternity
14:17 Moon Well
14:19 Moon Well
14:39 Ancient Protector
14:40 Ancient Protector
15:30 Moon Well
15:44 Ancient of Wind
15:47 Ancient of Wind
16:28 Ancient of Lore
21:25 Ancient Protector
21:26 Ancient Protector
22:24 Tree of Life
25:58 Moon Well
26:15 Moon Well
29:22 Ancient of Wonders
29:24 Ancient of Wonders
» items
| Lesser Clarity Potion | 3 | |
| Staff of Teleportation | 1 | |
| Potion of Lesser Invulnerability | 3 | |
| Scroll of Town Portal | 6 | |
| Potion of Invisibility | 4 | |
| Potion of Healing | 3 | |
| Scroll of Healing | 3 | |
| Tome of Retraining | 1 | |
| Orb of Venom | 1 | |
25 total

»
skrt (
red | 161 APM | 5389 actions | 33:22)
8 Tauren Chieftain
3 War Stomp
3 Endurance Aura
1 Reincarnation
1 Shockwave
6 Shadow Hunter
3 Hex
2 Healing Wave
1 Big Bad Voodoo
5 Naga Sea Witch
3 Frost Arrows
2 Forked Lightning
» actions
| Assign group hotkey | 49 | |
| Basic commands | 351 | |
| Build / train | 136 | |
| ESC pressed | 8 | |
| Enter build submenu | 47 | |
| Enter hero's abilities submenu | 24 | |
| Give item / drop item | 5 | |
| Remove unit from queue | 3 | |
| Right click | 2471 | |
| Select / deselect | 971 | |
| Select group hotkey | 1095 | |
| Use ability | 229 | |
5389 total
» units
| Peon | 22 | |
| Troll Headhunter/Berserker | 18 | |
| Goblin Shredder | 1 | |
| Wind Rider | 8 | |
| Troll Batrider | 2 | |
| Raider | 3 | |
54 total
» upgrades
| Reinforced Defenses | 1 | |
| Troll Regeneration | 1 | |
| Ranged Weapons | 3 | |
| Berserker Upgrade | 1 | |
| Armor | 3 | |
| Envenomed Spears | 1 | |
| Spiked Barricades | 1 | |
| Ensnare | 1 | |
12 total
» buildings
| Altar of Storms | 1 | |
| Orc Burrow | 6 | |
| War Mill | 2 | |
| Barracks | 1 | |
| Voodoo Lounge | 2 | |
| Stronghold | 1 | |
| Great Hall | 3 | |
| Fortress | 1 | |
| Watch Tower | 26 | |
| Beastiary | 2 | |
45 total
» build order
00:03 Altar of Storms
00:04 Orc Burrow
00:23 War Mill
01:05 Barracks
01:55 Orc Burrow
02:35 Voodoo Lounge
04:08 Stronghold
05:26 Great Hall
05:39 Orc Burrow
07:57 Fortress
11:22 Watch Tower
11:40 War Mill
11:43 Beastiary
11:46 Beastiary
11:55 Watch Tower
12:02 Orc Burrow
14:48 Voodoo Lounge
14:50 Watch Tower
14:53 Watch Tower
15:16 Watch Tower
15:57 Watch Tower
15:57 Watch Tower
18:52 Watch Tower
19:04 Watch Tower
23:45 Orc Burrow
23:46 Watch Tower
23:46 Watch Tower
23:48 Watch Tower
24:16 Watch Tower
24:35 Watch Tower
24:46 Watch Tower
24:53 Orc Burrow
25:01 Watch Tower
25:32 Watch Tower
25:32 Watch Tower
25:33 Watch Tower
25:34 Watch Tower
25:36 Watch Tower
25:37 Watch Tower
27:07 Great Hall
27:10 Watch Tower
27:11 Watch Tower
27:13 Watch Tower
27:15 Watch Tower
28:46 Great Hall
» items
| Healing Salve | 10 | |
| Potion of Mana | 8 | |
| Scroll of Town Portal | 11 | |
| Boots of Speed | 1 | |
| Orb of Lightning | 1 | |
| Lesser Clarity Potion | 8 | |
| Tiny Great Hall | 1 | |
| Potion of Healing | 3 | |
43 total

»
Ekthehuss (
green | 74 APM | 2363 actions | 31:57)
8 Keeper of the Grove
3 Entangling Roots
3 Force of Nature
1 Tranquility
1 Thorns Aura
» actions
| Assign group hotkey | 71 | |
| Basic commands | 161 | |
| Build / train | 111 | |
| ESC pressed | 1 | |
| Enter build submenu | 22 | |
| Enter hero's abilities submenu | 8 | |
| Give item / drop item | 1 | |
| Remove unit from queue | 4 | |
| Right click | 980 | |
| Select / deselect | 471 | |
| Select group hotkey | 400 | |
| Use ability | 133 | |
2363 total
» units
| Wisp | 21 | |
| Archer | 6 | |
| Dryad | 36 | |
| Mountain Giant | 17 | |
| Chimaera | 3 | |
83 total
» upgrades
| Strength of the Wild | 3 | |
| Reinforced Hides | 3 | |
| Abolish Magic | 1 | |
| Resistant Skin | 1 | |
| Hardened Skin | 1 | |
| Corrosive Breath | 1 | |
10 total
» buildings
| Altar of Elders | 1 | |
| Moon Well | 9 | |
| Ancient of War | 1 | |
| Hunter's Hall | 1 | |
| Tree of Ages | 1 | |
| Ancient of Wonders | 1 | |
| Tree of Life | 1 | |
| Ancient of Lore | 2 | |
| Tree of Eternity | 1 | |
| Ancient Protector | 2 | |
| Chimaera Roost | 1 | |
21 total
» build order
00:17 Altar of Elders
00:19 Moon Well
00:46 Ancient of War
01:30 Moon Well
02:22 Hunter's Hall
03:29 Moon Well
03:38 Tree of Ages
04:28 Moon Well
04:46 Ancient of Wonders
05:37 Tree of Life
05:59 Ancient of Lore
06:01 Ancient of Lore
06:52 Tree of Eternity
08:32 Moon Well
11:31 Ancient Protector
11:32 Ancient Protector
13:10 Chimaera Roost
14:17 Moon Well
14:18 Moon Well
15:15 Moon Well
15:18 Moon Well
» items
| Boots of Speed | 1 | |
| Scroll of Town Portal | 2 | |
3 total

»
kiD (
yellow | 43 APM | 1399 actions | 32:44)
6 Death Knight
2 Death Coil
3 Unholy Aura
1 Animate Dead
» actions
| Basic commands | 75 | |
| Build / train | 94 | |
| Enter build submenu | 22 | |
| Enter hero's abilities submenu | 6 | |
| Right click | 819 | |
| Select / deselect | 316 | |
| Use ability | 67 | |
1399 total
» units
| Acolyte | 8 | |
| Ghoul | 3 | |
| Crypt Fiend | 20 | |
| Goblin Shredder | 1 | |
| Obsidian Statue | 7 | |
| Abomination | 13 | |
| Frost Wyrm | 5 | |
| Rogue | 1 | |
| Assassin | 1 | |
| Kobold Geomancer | 1 | |
| Forest Troll High Priest | 1 | |
| Meatwagon | 2 | |
63 total
» upgrades
| Web | 1 | |
| Creature Carapace | 3 | |
| Creature Attack | 4 | |
| Disease Cloud | 2 | |
| Unholy Strength | 1 | |
| Freezing Breath | 1 | |
12 total
» buildings
| Ziggurat | 10 | |
| Crypt | 2 | |
| Altar of Darkness | 1 | |
| Graveyard | 1 | |
| Halls of the Dead | 1 | |
| Nerubian Tower | 2 | |
| Spirit Tower | 5 | |
| Tomb of Relics | 1 | |
| Black Citadel | 1 | |
| Necropolis | 1 | |
| Sacrificial Pit | 1 | |
| Slaughterhouse | 2 | |
| Boneyard | 2 | |
30 total
» build order
00:37 Ziggurat
00:44 Crypt
00:51 Altar of Darkness
00:57 Ziggurat
01:27 Crypt
02:24 Graveyard
03:00 Halls of the Dead
03:36 Nerubian Tower
03:49 Ziggurat
03:50 Spirit Tower
04:44 Spirit Tower
05:11 Tomb of Relics
07:45 Black Citadel
08:19 Necropolis
09:11 Ziggurat
11:23 Nerubian Tower
11:30 Sacrificial Pit
11:35 Ziggurat
11:37 Ziggurat
11:59 Slaughterhouse
12:07 Slaughterhouse
12:11 Ziggurat
12:14 Ziggurat
12:17 Ziggurat
12:20 Ziggurat
12:29 Boneyard
12:35 Boneyard
12:43 Spirit Tower
13:09 Spirit Tower
13:33 Spirit Tower
» items
| Rod of Necromancy | 1 | |
| Dust of Appearance | 1 | |
| Scroll of Town Portal | 1 | |
3 total
team 2 (winner)

»
whap (
purple | 143 APM | 4782 actions | 33:22)
9 Archmage
3 Summon Water Elemental
3 Brilliance Aura
2 Blizzard
1 Mass Teleport
6 Mountain King
2 Thunder Clap
3 Storm Bolt
1 Avatar
4 Blood Mage
2 Flame Strike
2 Siphon Mana
» actions
| Assign group hotkey | 208 | |
| Basic commands | 288 | |
| Build / train | 152 | |
| ESC pressed | 17 | |
| Enter build submenu | 37 | |
| Enter hero's abilities submenu | 21 | |
| Give item / drop item | 7 | |
| Right click | 2224 | |
| Select / deselect | 826 | |
| Select group hotkey | 815 | |
| Use ability | 185 | |
4782 total
» units
| Peasant | 23 | |
| Footman | 8 | |
| Assassin | 1 | |
| Rifleman | 11 | |
| Sorceress | 7 | |
| Mortar Team | 11 | |
| Priest | 10 | |
| Siege Engine | 5 | |
76 total
» upgrades
| Lumber Harvesting | 2 | |
| Long Rifles | 1 | |
| Sorceress Training | 2 | |
| Priest Training | 2 | |
| Gunpowder | 3 | |
| Masonry | 3 | |
| Fragmentation Shards | 1 | |
| Flare | 1 | |
| Armor | 3 | |
| Barrage | 1 | |
| Flak Cannons | 1 | |
| Magic Sentry | 1 | |
| Plating | 3 | |
24 total
» buildings
| Altar of Kings | 1 | |
| Barracks | 1 | |
| Farm | 10 | |
| Town Hall | 2 | |
| Arcane Vault | 1 | |
| Keep | 1 | |
| Lumber Mill | 3 | |
| Blacksmith | 1 | |
| Arcane Sanctum | 2 | |
| Workshop | 2 | |
| Castle | 1 | |
| Scout Tower | 13 | |
| Guard Tower | 7 | |
45 total
» build order
00:08 Altar of Kings
00:23 Barracks
00:34 Farm
00:55 Farm
02:18 Farm
03:10 Town Hall
03:25 Farm
04:24 Arcane Vault
05:02 Keep
05:16 Lumber Mill
05:18 Blacksmith
05:40 Farm
07:31 Arcane Sanctum
07:31 Arcane Sanctum
07:35 Workshop
07:38 Farm
08:09 Farm
09:07 Castle
10:31 Workshop
10:32 Farm
11:16 Farm
11:18 Farm
18:03 Scout Tower
18:03 Scout Tower
18:04 Scout Tower
18:05 Scout Tower
18:40 Guard Tower
18:44 Town Hall
18:47 Scout Tower
18:48 Scout Tower
18:49 Scout Tower
19:13 Scout Tower
19:15 Scout Tower
19:15 Guard Tower
19:50 Guard Tower
21:14 Lumber Mill
21:57 Scout Tower
22:32 Guard Tower
23:54 Guard Tower
23:55 Scout Tower
24:16 Scout Tower
24:37 Guard Tower
24:53 Scout Tower
28:23 Guard Tower
32:50 Lumber Mill
» items
| Scroll of Regeneration | 1 | |
| Potion of Healing | 1 | |
| Scroll of Town Portal | 1 | |
| Staff of Sanctuary | 1 | |
| Orb of Fire | 1 | |
| Tome of Retraining | 1 | |
6 total
L0RK (
orange | 97 APM | 3232 actions | 33:22)
8 Blademaster
3 Wind Walk
3 Critical Strike
1 Bladestorm
1 Mirror Image
6 Shadow Hunter
3 Healing Wave
2 Hex
1 Big Bad Voodoo
» actions
| Assign group hotkey | 76 | |
| Basic commands | 1 | |
| Build / train | 158 | |
| Enter build submenu | 22 | |
| Enter hero's abilities submenu | 15 | |
| Give item / drop item | 6 | |
| Remove unit from queue | 3 | |
| Right click | 1613 | |
| Select / deselect | 413 | |
| Select group hotkey | 683 | |
| Use ability | 241 | |
3232 total
» units
| Peon | 15 | |
| Grunt | 7 | |
| Goblin Shredder | 3 | |
| Tauren | 37 | |
| Shaman | 6 | |
| Troll Witch Doctor | 4 | |
72 total
» upgrades
| Shaman Training | 2 | |
| Pulverize | 1 | |
| Armor | 3 | |
| Melee Weapons | 3 | |
| Reinforced Defenses | 1 | |
| Witch Doctor Training | 2 | |
12 total
» buildings
| Altar of Storms | 1 | |
| Orc Burrow | 7 | |
| Voodoo Lounge | 1 | |
| Barracks | 1 | |
| Stronghold | 2 | |
| War Mill | 1 | |
| Spirit Lodge | 1 | |
| Fortress | 2 | |
| Great Hall | 1 | |
| Tauren Totem | 3 | |
| Watch Tower | 4 | |
24 total
» build order
00:06 Altar of Storms
00:17 Orc Burrow
00:49 Voodoo Lounge
01:29 Barracks
01:44 Orc Burrow
02:45 Stronghold
02:45 Stronghold
03:37 War Mill
04:20 Orc Burrow
05:22 Spirit Lodge
05:48 Fortress
05:48 Fortress
06:19 Great Hall
06:37 Tauren Totem
06:43 Tauren Totem
07:04 Tauren Totem
08:18 Orc Burrow
11:41 Orc Burrow
12:08 Orc Burrow
12:44 Watch Tower
12:47 Watch Tower
12:50 Watch Tower
13:53 Orc Burrow
15:01 Watch Tower
» items
| Healing Salve | 4 | |
| Lesser Clarity Potion | 10 | |
| Potion of Lesser Invulnerability | 1 | |
| Scroll of Healing | 2 | |
| Orb of Corruption | 2 | |
| Potion of Healing | 5 | |
| Scroll of Town Portal | 5 | |
| Potion of Mana | 2 | |
| Orb of Lightning | 1 | |
32 total

»
G13M (
blue | 49 APM | 1640 actions | 33:22)
7 Dreadlord
3 Sleep
3 Vampiric Aura
1 Inferno
4 Death Knight
2 Death Coil
2 Unholy Aura
» actions
| Basic commands | 7 | |
| Build / train | 89 | |
| Enter build submenu | 26 | |
| Enter hero's abilities submenu | 11 | |
| Give item / drop item | 4 | |
| Remove unit from queue | 3 | |
| Right click | 945 | |
| Select / deselect | 466 | |
| Use ability | 89 | |
1640 total
» units
| Acolyte | 13 | |
| Ghoul | 9 | |
| Goblin Shredder | 1 | |
| Gargoyle | 19 | |
| Goblin Zeppelin | 1 | |
| Frost Wyrm | 1 | |
44 total
» upgrades
| Cannibalize | 1 | |
| Creature Attack | 3 | |
| Creature Carapace | 3 | |
| Stone Form | 1 | |
8 total
» buildings
| Ziggurat | 9 | |
| Altar of Darkness | 1 | |
| Crypt | 3 | |
| Nerubian Tower | 2 | |
| Tomb of Relics | 2 | |
| Graveyard | 1 | |
| Halls of the Dead | 1 | |
| Black Citadel | 1 | |
| Spirit Tower | 4 | |
| Sacrificial Pit | 1 | |
| Boneyard | 2 | |
27 total
» build order
00:08 Ziggurat
00:12 Altar of Darkness
00:18 Crypt
01:10 Nerubian Tower
01:41 Ziggurat
02:26 Tomb of Relics
02:40 Graveyard
03:44 Crypt
04:14 Ziggurat
06:31 Ziggurat
08:11 Halls of the Dead
08:15 Crypt
09:47 Ziggurat
09:48 Ziggurat
09:49 Ziggurat
09:50 Ziggurat
09:52 Tomb of Relics
11:24 Black Citadel
14:00 Spirit Tower
14:01 Spirit Tower
14:02 Nerubian Tower
14:04 Spirit Tower
14:07 Spirit Tower
24:14 Sacrificial Pit
27:28 Boneyard
27:30 Boneyard
» items
| Rod of Necromancy | 4 | |
| Orb of Corruption | 3 | |
| Scroll of Town Portal | 3 | |
| Potion of Mana | 2 | |
| Potion of Lesser Invulnerability | 1 | |
13 total
texas (
pink | 43 APM | 1441 actions | 33:22)
6 Mountain King
3 Storm Bolt
2 Thunder Clap
1 Avatar
6 Paladin
1 Holy Light
1 Divine Shield
3 Devotion Aura
1 Resurrection
3 Archmage
1 Blizzard
1 Summon Water Elemental
1 Brilliance Aura
» actions
| Build / train | 147 | |
| Enter build submenu | 26 | |
| Enter hero's abilities submenu | 15 | |
| Give item / drop item | 3 | |
| Remove unit from queue | 2 | |
| Right click | 614 | |
| Select / deselect | 519 | |
| Use ability | 115 | |
1441 total
» units
| Peasant | 48 | |
| Footman | 7 | |
| Forest Troll High Priest | 2 | |
| Kobold Geomancer | 1 | |
| Knight | 8 | |
| Sorceress | 12 | |
| Siege Engine | 5 | |
| Mortar Team | 6 | |
| Flying Machine | 1 | |
90 total
» upgrades
| Lumber Harvesting | 2 | |
| Sorceress Training | 2 | |
| Plating | 2 | |
| Barrage | 1 | |
| Gunpowder | 1 | |
| Swords | 1 | |
9 total
» buildings
| Altar of Kings | 1 | |
| Barracks | 1 | |
| Farm | 7 | |
| Lumber Mill | 1 | |
| Keep | 2 | |
| Arcane Vault | 1 | |
| Scout Tower | 6 | |
| Town Hall | 3 | |
| Guard Tower | 5 | |
| Castle | 2 | |
| Blacksmith | 1 | |
| Arcane Sanctum | 2 | |
| Workshop | 2 | |
34 total
» build order
00:08 Altar of Kings
00:11 Barracks
00:16 Farm
00:55 Farm
01:35 Farm
02:10 Farm
02:44 Lumber Mill
03:24 Keep
03:28 Arcane Vault
04:42 Scout Tower
04:45 Scout Tower
04:58 Town Hall
05:02 Scout Tower
05:13 Guard Tower
05:15 Guard Tower
05:36 Scout Tower
06:09 Scout Tower
06:44 Guard Tower
06:48 Guard Tower
07:11 Castle
07:40 Blacksmith
09:00 Arcane Sanctum
09:27 Farm
09:42 Farm
10:14 Farm
11:21 Guard Tower
12:30 Workshop
23:01 Workshop
23:06 Arcane Sanctum
24:10 Keep
24:56 Town Hall
27:42 Scout Tower
29:29 Town Hall
31:41 Castle
» items
| Scroll of Regeneration | 6 | |
| Lesser Clarity Potion | 5 | |
| Potion of Healing | 3 | |
| Scroll of Town Portal | 4 | |
| Potion of Mana | 2 | |
| Scroll of Speed | 1 | |
21 total
Chat log
(00:12 / All) maui: bitch ass texas
(00:43 / Allies) skrt: i make a 6th aco
(00:53 / Allies) skrt: do u
(01:31 / Allies) skrt: sometimes i play with no headphones just to hear my keyboard clacks
(03:22 / Allies) skrt: WHO GOES BM
(03:24 / Allies) skrt: ON THIS MAP
(03:33 / Allies) skrt: FUCK OFF
(03:38 / Allies) skrt: HOLY SHIT
(03:46 / Allies) skrt: BM WYV IS SO FUCKING 2009
(04:27 / Allies) skrt: HE FUCKED UP MY RHTYHM
(04:48 / Allies) skrt: NE ON OUYTSIDE
(04:51 / Allies) skrt: BUT HE PICKS ME
(05:00 / Allies) skrt: WTF
(05:45 / Allies) skrt: DO BMS PISS U OFF TOO
(07:34 / Allies) skrt: THIS MAP TILESET
(07:36 / Allies) skrt: IS SO CANCER
(07:45 / Allies) skrt: THEY REMOVED FSA FOR THIS
(08:23 / Allies) skrt: LOL
(08:27 / Allies) skrt: OWN HIM
(08:51 / Allies) skrt: SHIT IS MURLOC LIVED
(09:57 / All) skrt: AT LEAST I MADE U SKILL
(09:59 / Allies) skrt: THUNDERSHOCK
(10:02 / All) skrt: THUNDERSHOCK
(10:10 / All) whap: what
(10:16 / All) skrt: OH U DID THAT ON PURPOSE
(10:17 / Allies) Ekthehuss: yellow>?
(11:00 / Allies) skrt: ITS 3 FOOTMEN
(11:08 / Allies) skrt: UPROOT
(12:33 / Allies) skrt: YELLOW
(12:37 / Allies) skrt: IM NOT GONNA RVEN ASK
(12:48 / Allies) skrt: DID U BY CHANCE
(12:50 / Allies) skrt: PREORDER REFORGED
(14:05 / Allies) Ekthehuss: ty
(15:37 / Allies) maui: mass garg
(15:43 / Allies) skrt: WHERE R UR CHIMS
(17:55 / All) texas: LOL teal so bad
(18:19 / Allies) skrt: IM D YELLOW
(22:43 / All) texas: FOok teal lol
(24:09 / All) maui: lol
(26:07 / Allies) skrt: MICEO
(26:08 / Allies) skrt: MICRO
(26:12 / Allies) skrt: NICE
(26:46 / All) skrt: NO ESCAPE
(29:10 / Allies) skrt: WE MIGHT LOSE
(29:11 / Allies) skrt: TO TANKS
(29:20 / Allies) skrt: DONT SIT
(29:25 / Allies) skrt: HOWD HE GET THIS UP
(30:00 / Allies) maui: b
(31:59 / All) texas: LOL gg
(32:03 / All) texas: eat dat dik faggot
(32:11 / All) skrt: ONLY UD
(32:14 / All) skrt: WHO SUCKS LATE GAME IS OURS
(32:27 / All) skrt: REFORGED PREORDER
(32:28 / All) texas: Teal blows ass
(32:37 / All) maui: you were the worst on your team
(32:39 / All) maui: you got carried
(32:42 / All) maui: i killed you 1v1
(32:44 / All) texas: get rolled faggot
(32:47 / All) texas: Rolled
(32:48 / All) texas: loser
(33:14 / All) skrt: SKRT